 Dungeon Crawl Stone Soup version 0.31-a0-826-ga5cc291a1b (webtiles) character file.

Game seed: 10360812138525466883

294 qw the Shooter (level 6, 0/38 HPs)
             Began as a Gargoyle Hunter on Sept 23, 2023.
             Slain by Blork the orc
             ... wielding a +2 long sword of holy wrath
              (5 damage)
             ... on level 5 of the Dungeon.
             The game lasted 00:01:28 (3030 turns).

qw the Shooter (Gargoyle Hunter)                    Turns: 3030, Time: 00:01:28

Health: 0/38       AC: 11    Str: 14    XL:     6   Next: 34%
Magic:  6/6        EV: 10    Int: 10    God:
Gold:   259        SH:  0    Dex: 15    Spells: 5/5 levels left

rFire   . . .        Y - +0 shortbow
rCold   + . .        (shield currently unavailable)
rNeg    + . .        f - +0 ring mail
rPois   inf          k - +0 helmet
rElec   +            (no cloak)
rCorr   .            b - +0 pair of gloves
SInv    .            (no boots)
Will    .....        h - amulet of faith
Stlth   +            e - ring of protection from cold
HPRegen 0.26/turn    (no ring)
MPRegen 0.10/turn

%: faith
@: about to teleport
A: sickness immunity, AC +4, negative energy resistance 1, electricity
resistance, torment resistance 1, petrification resistance
a: no special abilities


You were on level 5 of the Dungeon.
You visited 1 branch of the dungeon, and saw 5 of its levels.

You collected 259 gold pieces.


Innate Abilities, Weirdness & Mutations

You are immune to sickness and miasma.
Your stone body is resilient. (AC +4)
You are immune to poison.
You resist negative energy. (rN+)
You are resistant to electric shocks. (rElec)
You are resistant to unholy torment.
You are immune to petrification.


   Skills:
 - Level 4.0 Fighting
 + Level 6.6 Ranged Weapons
 - Level 1.0 Armour
 - Level 1.5 Dodging
 - Level 1.1 Stealth


You had 5 spell levels left.
You didn't know any spells.
Your spell library was empty.

Inventory:

Hand Weapons
 Y - a +0 shortbow (weapon)
Armour
 b - a +0 pair of gloves (worn)
 f - a +0 ring mail (worn)
 k - a +0 helmet (worn)
Jewellery
 e - a ring of protection from cold (left hand)
 h - an amulet of faith (around neck)
Scrolls
 g - 2 scrolls of identify
Potions
 c - a potion of heal wounds {unknown}
 d - a potion of curing
 j - a potion of degeneration {unknown}
 n - a potion of might {unknown}

Dungeon Overview and Level Annotations

Branches:
Dungeon (5/15)
 Temple: D:4-7

Altars:

Shops:
D:1 :   D:3 :

Annotations:
D:5 Blork the orc


Message History

The hound misses you.
Blork the orc comes into view.
He is wielding a +2 long sword of holy wrath.
The hound bites you but does no damage.
You shoot an arrow. The arrow closely misses the hound.
The hound closely misses you.
Blork the orc points at you and mumbles some strange words.
The puff of flame hits you!
You shoot an arrow. The arrow hits the hound.
The hound is almost dead.
The hound barely misses you. The hound bites you but does no damage.
You shoot an arrow. The arrow closely misses the hound.
The hound bites you but does no damage. The hound closely misses you.
You shoot an arrow. The arrow barely misses the hound.
The hound bites you but does no damage. The hound barely misses you.
You shoot an arrow. The arrow barely misses the hound.
The hound barely misses you. The hound bites you but does no damage.
You shoot an arrow. The arrow hits the hound.
You kill the hound!
Blork the orc hits you with a +2 long sword of holy wrath.
You shoot an arrow. The arrow hits Blork the orc.
Blork the orc is lightly wounded.
Blork the orc barely misses you.
You shoot an arrow. The arrow hits Blork the orc.
Blork the orc is moderately wounded.
Blork the orc hits you with a +2 long sword of holy wrath!
Blork the orc hits you with a +2 long sword of holy wrath.
You shoot an arrow. The arrow hits Blork the orc.
Blork the orc is heavily wounded.
Blork the orc casts a spell at you.
The puff of frost hits you but does no damage.
You shoot an arrow. The arrow hits Blork the orc!
Blork the orc is severely wounded.
Blork the orc hits you with a +2 long sword of holy wrath!
3029 ||| READING scroll of teleportation.
As you read the scroll of teleportation, it crumbles to dust.
You feel strangely unstable. Blork the orc misses you.
You shoot an arrow. The arrow closely misses Blork the orc.
Blork the orc hits you with a +2 long sword of holy wrath.
You die...

... ... #######
#.# #.....# #)#
#.###.###### #.#
#.# #....... #.#
#.# ######## #o#
#.# #@## #.#
#%#.## #.#
..###.###.########
###
#......%....?..
#.......#######.
#########


You could see Blork the orc.

Vanquished Creatures
  A hound (D:5)
  Ijyb (D:3)
  Natasha (thrice) (D:4)
  7 adders
  A white imp (D:5)
  2 dart slugs (D:1)
  An orc (D:4)
  5 ball pythons
  7 endoplasms
  8 giant cockroaches
  16 goblins
  10 hobgoblins
  3 jackals (D:3)
  3 quokkas
  5 bats
  2 frilled lizards (D:1)
  7 kobolds
  4 rats
86 creatures vanquished.

Notes
Turn   | Place    | Note
-------+----------+-------------------------------------------
     0 | D:1      | qw the Gargoyle Hunter began the quest for the Orb.
     0 | D:1      | Reached XP level 1. HP: 12/12 MP: 1/1
     0 | D:1      | 0 ||| qw: Version: 0.3-a-83-gcd0e7d8
     0 | D:1      | 0 ||| qw: Game counter: 1928
     0 | D:1      | 0 ||| qw: Melee chars always use a shield: true
     0 | D:1      | 0 ||| qw: God list: Okawaru
     0 | D:1      | 0 ||| qw: Allow faded altars: false
     0 | D:1      | 0 ||| qw: Do Orc after clearing Dungeon:15 true
     0 | D:1      | 0 ||| qw: Do second Lair branch before Depths: true
     0 | D:1      | 0 ||| qw: Lair rune preference: random
     0 | D:1      | 0 ||| qw: Goals: Normal
     0 | D:1      | 0 ||| PLANNING D:1-11
    76 | D:1      | Found Ybbasila's Book Shoppe.
   106 | D:1      | Reached XP level 2. HP: 17/17 MP: 2/2
   115 | D:1      | HP: 3/17 [kobold/+0 short sword (4)]
   234 | D:1      | You fall into a shaft and drop 1 floor!
   317 | D:2      | 317 ||| DRINKING 3 white potions.
   318 | D:2      | 318 ||| DRINKING 2 fizzy red potions.
   356 | D:2      | 356 ||| DROPPING scroll of butterflies.
   357 | D:2      | 357 ||| DROPPING 2 potions of magic.
   358 | D:2      | 358 ||| DROPPING potion of lignification.
   415 | D:1      | Reached XP level 3. HP: 21/21 MP: 3/3
   421 | D:1      | Reached skill level 5 in Ranged Weapons
   688 | D:1      | 688 ||| UPGRADING to ring of protection from cold.
   689 | D:1      | 689 ||| READING scroll labelled XUPYPP XIECHUNK.
   690 | D:1      | 690 ||| READING scroll labelled COSODABR NILUP.
   940 | D:2      | Reached skill level 3 in Fighting
  1010 | D:2      | Reached XP level 4. HP: 28/28 MP: 4/4
  1083 | D:2      | 1083 ||| UPGRADING to +0 pair of gloves.
  1088 | D:2      | 1088 ||| UPGRADING to +0 ring mail.
  1098 | D:2      | 1098 ||| DROPPING +0 leather armour.
  1099 | D:2      | 1099 ||| READING scroll labelled GANNUKHLERU.
  1100 | D:2      | 1100 ||| READING scroll labelled ANOMPUKHLEN.
  1101 | D:2      | 1101 ||| READING scroll labelled PEWAUZUBAA.
  1188 | D:3      | Reached skill level 1 in Armour
  1358 | D:3      | Noticed Ijyb
  1415 | D:3      | Killed Ijyb
  1491 | D:3      | Reached XP level 5. HP: 32/32 MP: 5/5
  1742 | D:3      | Identified the +5 sling of Descent {drain, *Corrode rElec
                  | rC- Int+7}
  1744 | D:3      | 1744 ||| DROPPING +5 sling of Descent {drain, *Corrode
                  | rElec rC- Int+7}.
  1908 | D:3      | Found Vommeh's Book Shop.
  1923 | D:3      | Found a faded altar of an unknown god.
  2076 | D:3      | 2076 ||| UPGRADING to +0 helmet.
  2081 | D:3      | 2081 ||| UPGRADING to amulet of faith.
  2086 | D:3      | 2086 ||| READING scroll labelled GIFFEO FUICVA.
  2087 | D:3      | 2087 ||| READING scroll labelled GINTIR JARISEA.
  2092 | D:3      | 2092 ||| DRINKING 2 pink potions.
  2093 | D:3      | 2093 ||| DRINKING 2 bubbling ruby potions.
  2094 | D:3      | 2094 ||| READING 3 scrolls of identify.
  2094 | D:3      | 2094 ||| IDENTIFYING purple potion
  2095 | D:3      | 2095 ||| READING 2 scrolls of identify.
  2095 | D:3      | 2095 ||| IDENTIFYING bubbling purple potion
  2096 | D:3      | 2096 ||| DROPPING potion of attraction.
  2097 | D:3      | 2097 ||| DROPPING potion of brilliance.
  2098 | D:3      | 2098 ||| DROPPING potion of invisibility.
  2154 | D:4      | Noticed Natasha
  2163 | D:4      | Killed Natasha
  2164 | D:4      | Reached skill level 6 in Ranged Weapons
  2245 | D:4      | Noticed Natasha
  2283 | D:4      | Killed Natasha
  2446 | D:4      | Noticed Natasha
  2459 | D:4      | Killed Natasha
  2574 | D:4      | Reached XP level 6. HP: 38/38 MP: 6/6
  2738 | D:4      | 2738 ||| DROPPING scarf of invisibility.
  2739 | D:4      | 2739 ||| DROPPING ring of magical power.
  2740 | D:4      | 2740 ||| READING scroll labelled FONWIU DETAA.
  2841 | D:4      | 2841 ||| READING scroll labelled CUSUZ WOEGEC.
  2842 | D:4      | 2842 ||| READING scroll labelled PISSIN ADEH.
  2862 | D:5      | Entered Level 5 of the Dungeon
  3018 | D:5      | Noticed Blork the orc
  3028 | D:5      | HP: 5/38 [Blork the orc/+2 long sword of holy wrath (8)]
  3029 | D:5      | 3029 ||| READING scroll of teleportation.
  3030 | D:5      | Slain by Blork the orc

Levels and vault maps discovered:
D:1:      scummos_arrival_simple_fountains, layout_basic, serial_shops,
          nicolae_shop_peninsula
D:2:      layout_basic, amcnicky_mini_pool_small, minmay_worlds_worst_comb
D:3:      kennysheep_goblin_castle, layout_basic,
          ebering_ecumenical_altar_abandoned, serial_shops, shop
D:4:      layout_rooms, due_unseen_surprise, uniq_natasha, uniq_ijyb
D:5:      layout_loops_ring, nicolae_shop_unique_rings, uniq_blork_the_orc,
          uniq_grinder

Skill      XL: |  1  2  3  4  5 |
---------------+----------------+-----
Ranged Weapons | 5 6 |  6.6
Fighting       | 3 4 |  4.0
Armour         | 1 |  1.0
Dodging        | |  1.5
Stealth        | |  1.1

Action                     |  1- 3 |  4- 6 || total
---------------------------+-------+-------++-------
   Fire: Shortbow          |   120 |   182 ||   302
    Use: Potion            |     2 |     2 ||     4
         Scroll            |     2 |    11 ||    13
 Armour: Leather armour    |    26 |       ||    26
         Ring mail         |       |   111 ||   111
  Dodge: Dodged            |    28 |    64 ||    92

Table legend:
 A = Non-vault XP
 B = Vault XP
 C = Vault XP percentage of total XP
 D = Non-vault monster count
 E = Vault monster count
 F = Vault count percentage of total count
                 A         B        C        D         E       F
            +---------+---------+-------+---------+---------+-------
      Total |     309 |     112 |  26.6 |      69 |      17 |  19.8
            +---------+---------+-------+---------+---------+-------
        D:1 |      57 |       0 |   0.0 |      32 |       0 |   0.0
        D:2 |      20 |       8 |  28.6 |      12 |       4 |  25.0
        D:3 |      45 |      69 |  60.5 |       7 |      12 |  63.2
        D:4 |     107 |      35 |  24.6 |      14 |       1 |   6.7
        D:5 |      80 |       0 |   0.0 |       4 |       0 |   0.0
            +---------+---------+-------+---------+---------+-------
